 Dungeon Crawl Stone Soup version 0.27-a0-984-g00e00afbbc (webtiles) character file.

Game seed: 14373959306657501439

30235 Morbidden the Destroyer (level 13, -4/67 HPs)
             Began as a Vine Stalker Conjurer on Apr 15, 2021.
             Was an Elder of Vehumet.
             Killed from afar by an ice dragon (50 damage)
             ... with a blast of cold
             ... on level 13 of the Dungeon.
             The game lasted 00:28:54 (19148 turns).

Morbidden the Destroyer (Vine Stalker Conjurer)    Turns: 19148, Time: 00:28:55

Health: -4/67      AC: 18    Str: 19    XL:     13   Next: 50%
Magic:  0/27       EV: 17    Int: 19    God:    Vehumet [****..]
Gold:   841        SH:  6    Dex: 22    Spells: 17/31 levels left

rFire    + . .     SeeInvis .   b - +0 short sword (elec)
rCold    . . .     Faith    .   j - +0 buckler
rNeg     . . .     Spirit   +   J - +0 troll leather armour
rPois    .         Reflect  .   v - +2 helmet
rElec    .         Harm     .   x - +2 cloak {Will+}
rCorr    .         Rampage  .   K - +0 pair of fencer's gloves {Riposte Dex+3}
Will     +....                  q - +1 pair of boots
Stlth    +++.......             G - amulet of regeneration
HPRegen  3.21/turn              y - +6 ring of strength
MPRegen  0.20/turn              n - ring "Uverumes" {rF+ AC+4 Dex+5}

@: about to teleport, weak-willed
A: fangs 3, regeneration 1, magic shield, antimagic bite, no potion heal 2
a: Renounce Religion


You were on level 13 of the Dungeon.
You worshipped Vehumet.
Vehumet was greatly pleased with you.
You visited 4 branches of the dungeon, and saw 17 of its levels.

You collected 1481 gold pieces.
You spent 640 gold pieces at shops.

Inventory:

Hand Weapons
 b - a +0 short sword of electrocution (weapon)
Missiles
 t - 2 throwing nets
 z - a curare-tipped dart (quivered)
 H - 3 atropa-tipped darts
 L - 5 boomerangs of dispersal
Armour
 a - +0 fire dragon scales
 j - a +0 buckler (worn)
 q - a +1 pair of boots (worn)
 v - a +2 helmet (worn)
 x - a +2 cloak of willpower (worn)
 J - a +0 troll leather armour (worn)
 K - the +0 pair of fencer's gloves (worn) {Riposte Dex+3}
   (You bought it in a shop on level 11 of the Dungeon)

   It affects your dexterity (+3).
Jewellery
 c - a ring of flight
 f - a ring of willpower
 n - the ring "Uverumes" (right hand) {rF+ AC+4 Dex+5}
   (You took it off an orc wizard on level 12 of the Dungeon)

   [ring of protection]

   It affects your AC (+4).
   It affects your dexterity (+5).
   It protects you from fire.
 w - a ring of protection from fire
 y - a +6 ring of strength (left hand)
 G - an amulet of regeneration (around neck)
Wands
 h - a wand of charming (21)
 k - a wand of paralysis (7)
 A - a wand of iceblast (28)
 B - a wand of digging (2)
 C - a wand of acid (6)
 I - a wand of flame (70)
Scrolls
 i - a scroll of enchant armour
 l - 2 scrolls of magic mapping
 m - a scroll of blinking
 p - 3 scrolls of noise
 r - 2 scrolls of teleportation
 s - 2 scrolls of immolation
 D - 2 scrolls of amnesia
 F - 4 scrolls of identify
Potions
 d - a potion of haste
 e - 4 potions of flight
 g - 5 potions of curing
 o - a potion of degeneration
 u - 3 potions of lignification
 E - 2 potions of berserk rage {unknown}


   Skills:
 * Level 7.4 Fighting
 + Level 8.5 Short Blades
 + Level 5.4 Armour
 * Level 7.6 Dodging
 + Level 4.5 Stealth
 - Level 4.2 Shields
 * Level 1.0 Unarmed Combat
 * Level 9.5 Spellcasting
 * Level 10.1 Conjurations
 + Level 6.3 Translocations
 * Level 1.1 Transmutations
 + Level 1.0 Evocations


You had 17 spell levels left.
You knew the following spells:

 Your Spells              Type           Power      Damage    Failure   Level
a - Iskenderun's Mystic   Conj/Tloc      40%        2d9       1%          4
b - Searing Ray           Conj           94%        3d6       1%          2
c - Magic Dart            Conj           100%       1d8       1%          1
d - Dragon Form           Tmut           6%         N/A       100%        7

Your spell library contained the following spells:

 Spells                   Type           Power      Damage    Failure   Level
 Inner Flame              Hex/Fire       9%         N/A       7%          3
 Apportation              Tloc           66%        N/A       1%          1
 Dazzling Flash           Conj/Hex       56%        N/A       1%          3
 Mephitic Cloud           Conj/Pois/Air  21%        N/A       1%          3
 Fulminant Prism          Conj/Hex       14%        3d9       3%          4
 Ignite Poison            Fire/Tmut/Pois 10%        N/A       6%          3
 Sting                    Tmut/Pois      44%        1d5       7%          1
 Irradiate                Conj/Tmut      15%        3d18      7%          5
 Animate Skeleton         Necr           18%        N/A       9%          1
 Corona                   Hex            10%        N/A       9%          1
 Pain                     Necr           36%        1d5       9%          1
 Summon Small Mammal      Summ           36%        N/A       9%          1
 Lightning Bolt           Conj/Air       14%        1d27      9%          5
 Poisonous Vapours        Pois/Air       18%        N/A       14%         2
 Olgreb's Toxic Radiance  Pois           9%         N/A       22%         4
 Vampiric Draining        Necr           4%         2d6       26%         3
 Ice Form                 Ice/Tmut       11%        N/A       56%         4
 Freezing Cloud           Conj/Ice/Air   10%        6-21      61%         6
 Animate Dead             Necr           4%         N/A       65%         4
 Summon Ice Beast         Ice/Summ       9%         N/A       65%         4
 Eringya's Noxious Bog    Tmut/Pois      5%         N/A       92%         6
 Agony                    Necr           9%         N/A       94%         5
 Blade Hands              Tmut           6%         N/A       100%        6
 Simulacrum               Ice/Necr       4%         N/A       100%        6
 Statue Form              Tmut/Erth      7%         N/A       100%        6
 Ozocubu's Refrigeration  Ice            4%         4d5       100%        7


Dungeon Overview and Level Annotations

Branches:
Dungeon (13/15)            Temple (1/1) D:7            Lair (1/6) D:11
    Orc (2/2) D:11            Elf (0/3) Orc:2
 Vaults: D:13-14

Altars:
Ashenzari
Cheibriados
Dithmenos
Elyvilon
Fedhas
Gozag
Hepliaklqana
Kikubaaqudgha
Makhleb
Nemelex Xobeh
Okawaru
Qazlal
Ru
Sif Muna
Trog
Uskayaw
Vehumet
Wu Jian
Xom
Yredelemnul
Zin
The Shining One
Beogh

Shops:
D:2 [   D:6 (   D:9 [   D:11 *   Orc:2 ==

Annotations:
Orc:2 Jorgrun


Innate Abilities, Weirdness & Mutations

You have razor-sharp teeth.
Your natural rate of healing is unusually fast.
When hurt, damage is shared between your health and your magic reserves.
Your bite disrupts and absorbs the magic of your enemies.
Potions cannot restore your health.


Message History

The vault guard is severely wounded.
The vault guard is knocked back by the mystic blast.
The vault guard slams into the metal wall!
The mystic blast hits the phantasmal warrior!
The phantasmal warrior is severely damaged.
The phantasmal warrior is knocked back by the mystic blast.
The mystic blast hits the ice dragon!
The ice dragon is lightly wounded.
The ice dragon breathes frost at you. The blast of cold misses you.
The ice dragon misses you.
You riposte.
You hit the ice dragon.
You bite the ice dragon, but do no damage.
The ice dragon is moderately wounded.
The ice dragon claws you.
The ice dragon tramples you but does no damage.
You block the vault guard's attack. The phantasmal warrior hits you!!
Casting: Iskenderun's Mystic Blast (dangerous; 1% risk of failure)
Confirm with . or Enter, or press ? or * to list all spells.
You don't have enough magic to cast this spell.
Unknown command.
Casting: Iskenderun's Mystic Blast (dangerous; 1% risk of failure)
Confirm with . or Enter, or press ? or * to list all spells.
You don't have enough magic to cast this spell.
Unknown command.
Casting: Iskenderun's Mystic Blast (dangerous; 1% risk of failure)
Confirm with . or Enter, or press ? or * to list all spells.
You don't have enough magic to cast this spell.
Unknown command.
Casting: Iskenderun's Mystic Blast (dangerous; 1% risk of failure)
Confirm with . or Enter, or press ? or * to list all spells.
You don't have enough magic to cast this spell.
Unknown command.
Unknown command.
Unknown command.
As you read the scroll of teleportation, it crumbles to dust.
You feel strangely unstable. The ice dragon breathes frost at you.
The blast of cold hits you!!!
Ouch! That really hurt!
You die...

#.................# ##.#
#.>...............# #.#
#.................######.#
#........................#
###...........##########.#
#...........#... #.#
#.....#####.#p.# #.#
#.....#.....#WD# #.#
###..)..#.....#.@# #.#
........#.....#..#######.#
........#.....#..........#
(.......'.....#####...##.#
.......##................#
.......#.....#...........#
.......#.....#).........##
###....#.....#...#####..#
#.#....#.#####...#...#..#


You could see an ice dragon (catching breath), a vault guard and a phantasmal
warrior.

Vanquished Creatures
  A fire dragon (D:12)
  A boulder beetle (D:12)
  2 hydras (D:12)
  2 centaur warriors (D:13)
  6 two-headed ogres
  A tengu warrior (D:12)
  A skeletal warrior (D:12)
  A wizard (D:12)
  2 orc knights (Orc:1)
  A deep elf zephyrmancer (D:12)
  A deep elf pyromancer (D:12)
  6 cyclopes
  2 orc sorcerers
  A manticore (D:11)
  Joseph (D:8)
  A gargoyle (D:12)
  A kobold demonologist (D:12)
  An unseen horror (D:12)
  A komodo dragon (D:13)
  Psyche (D:8)
  A freezing wraith (D:12)
  A tengu conjurer (D:11)
  9 trolls
  Sigmund (D:5)
  2 wraiths (D:12)
  A shadow (D:10)
  Eustachio (D:5)
  3 wyverns
  17 yaks
  Grum (D:8)
  2 chaos spawn (D:13)
  2 vampire mosquitoes (D:12)
  An acid dragon (D:10)
  8 wargs
  Menkaure (D:5)
  2 water moccasins
  8 orc warriors
  2 sky beasts
  3 ice beasts
  A black bear (D:6)
  A necrophage (D:4)
  6 centaurs
  8 ogres
  3 wolves
  4 phantoms
  2 bullfrogs
  A kobold brigand (D:5)
  A wyvern zombie (D:9)
  A gnoll sergeant (D:5)
  A scorpion (D:5)
  A water moccasin skeleton (D:5)
  4 killer bees (D:9)
  9 wights
  2 electric eels
  4 howler monkeys
  6 centaur zombies
  A centaur skeleton (D:6)
  A hound (D:7)
  Crazy Yiuf (D:5)
  2 gnoll shamans
  2 jellies
  8 orc priests
  A bullfrog skeleton (D:5)
  Jessica (D:3)
  An iguana (D:5)
  20 orc wizards
  A hound skeleton (D:5)
  3 howler monkey zombies
  20 gnolls
  8 adders
  2 ufetubi
  2 adder skeletons (D:4)
  2 worms (D:2)
  3 dart slugs
  65 orcs
  7 ball pythons
  6 bats
  8 endoplasms
  3 giant cockroaches
  5 goblins
  4 hobgoblins
  10 jackals
  2 quokkas
  5 frilled lizards
  10 kobolds
  5 rats
364 creatures vanquished.

Vanquished Creatures (collateral kills)
  A goblin (D:6)
  A ball python (D:6)
2 creatures vanquished.

Vanquished Creatures (others)
  An orc wizard (D:8)
  3 fungi (D:5)
4 creatures vanquished.

Grand Total: 370 creatures vanquished

Notes
Turn   | Place    | Note
-------+----------+-------------------------------------------
     0 | D:1      | Morbidden the Vine Stalker Conjurer began the quest for the
                  | Orb.
     0 | D:1      | Reached XP level 1. HP: 9/9 MP: 4/4
   292 | D:1      | Reached XP level 2. HP: 13/13 MP: 1/6
   630 | D:1      | Found a faded altar of an unknown god.
   812 | D:1      | Learned a level 2 spell: Searing Ray
  1012 | D:2      | Reached XP level 3. HP: 16/16 MP: 5/7
  1039 | D:2      | Found Dikiamogg's Antique Armour Boutique.
  1822 | D:2      | Gained mutation: Your natural rate of healing is unusually
                  | fast. [Vine Stalker growth]
  1822 | D:2      | Reached XP level 4. HP: 21/21 MP: 6/8
  1852 | D:2      | Reached skill level 1 in Short Blades
  2503 | D:3      | Noticed Jessica
  2511 | D:3      | Killed Jessica
  2512 | D:3      | Reached skill level 1 in Fighting
  2512 | D:3      | Reached XP level 5. HP: 24/25 MP: 6/10
  3040 | D:3      | Reached skill level 5 in Conjurations
  3516 | D:4      | Found an iron altar of Okawaru.
  3547 | D:4      | Reached XP level 6. HP: 30/30 MP: 11/11
  3903 | D:4      | Noticed a necrophage
  3924 | D:4      | Killed a necrophage
  4155 | D:4      | Reached XP level 7. HP: 24/35 MP: 1/13
  4521 | D:4      | You fall into a shaft and drop 3 floors!
  4830 | D:5      | Entered Level 5 of the Dungeon
  4899 | D:5      | Noticed Sigmund
  4950 | D:5      | Killed Sigmund
  4951 | D:5      | Gained mutation: You have razor-sharp teeth. [Vine Stalker
                  | growth]
  4951 | D:5      | Reached XP level 8. HP: 34/40 MP: 4/14
  5080 | D:5      | Noticed Menkaure
  5085 | D:5      | Killed Menkaure
  5423 | D:5      | Reached skill level 1 in Armour
  5423 | D:5      | Reached skill level 6 in Conjurations
  5519 | D:5      | Reached XP level 9. HP: 25/45 MP: 6/16
  5660 | D:5      | Noticed Eustachio
  5676 | D:5      | Killed Eustachio
  6099 | D:5      | Reached skill level 5 in Short Blades
  6103 | D:5      | Reached skill level 5 in Spellcasting
  6157 | D:5      | Learned a level 4 spell: Iskenderun's Mystic Blast
  6254 | D:5      | Found a runed translucent door.
  6255 | D:5      | Noticed Crazy Yiuf
  6312 | D:5      | Killed Crazy Yiuf
  6437 | D:6      | Found a sacrificial altar of Ru.
  6628 | D:6      | Found Jilak's Weapon Emporium.
  7608 | D:7      | Reached skill level 1 in Translocations
  7698 | D:7      | Found an ornate altar of the Wu Jian Council.
  7753 | D:7      | Found a burning altar of Makhleb.
  7866 | D:7      | Found a staircase to the Ecumenical Temple.
  7882 | Temple   | Entered the Ecumenical Temple
  8037 | Temple   | Became a worshipper of Vehumet
  8085 | D:7      | Reached skill level 5 in Dodging
  8636 | D:8      | Noticed Joseph
  8638 | D:8      | Reached skill level 7 in Conjurations
  8789 | D:8      | Killed Joseph
  8790 | D:8      | Reached XP level 10. HP: 40/51 MP: 1/20
  8962 | D:8      | Noticed Psyche
  8981 | D:8      | Killed Psyche
  9268 | D:8      | Noticed Grum
  9276 | D:8      | Killed Grum
  9279 | D:8      | Reached skill level 5 in Fighting
 10241 | D:8      | Reached * piety under Vehumet
 10241 | D:8      | Offered knowledge of Sandblast by Vehumet.
 10246 | D:8      | Reached skill level 1 in Shields
 10555 | D:9      | Found a hide-covered altar of Uskayaw.
 11067 | D:9      | Found Gyriheann's Specialty Armours.
 11411 | D:9      | Reached XP level 11. HP: 56/56 MP: 17/22
 11540 | D:9      | Identified the +0 robe of Mutualism {Dex+7 Stlth+}
 11771 | D:10     | Entered Level 10 of the Dungeon
 11839 | D:10     | Found a stormy altar of Qazlal.
 12556 | D:10     | Reached ** piety under Vehumet
 12865 | D:10     | Offered knowledge of Freeze by Vehumet.
 12992 | D:11     | Noticed a manticore
 13003 | D:11     | Killed a manticore
 13087 | D:11     | Found Hyeruoni's General Store.
 13203 | D:11     | Reached skill level 8 in Conjurations
 13295 | D:11     | Noticed a two-headed ogre
 13310 | D:11     | Killed a two-headed ogre
 13440 | D:11     | Noticed a two-headed ogre
 13450 | D:11     | Killed a two-headed ogre
 13676 | D:11     | Found a staircase to the Lair.
 13706 | D:11     | Found a staircase to the Orcish Mines.
 13721 | D:11     | Noticed a two-headed ogre
 13911 | D:11     | Killed a two-headed ogre
 13912 | D:11     | Reached skill level 5 in Armour
 14184 | D:11     | Bought the +0 pair of fencer's gloves {Riposte Dex+3} for
                  | 640 gold pieces
 14184 | D:11     | Found the +0 pair of fencer's gloves {Riposte Dex+3}
 14304 | Orc:1    | Entered Level 1 of the Orcish Mines
 14572 | Orc:1    | Noticed a two-headed ogre
 14631 | Orc:1    | Killed a two-headed ogre
 14632 | Orc:1    | Reached XP level 12. HP: 61/61 MP: 7/24
 14943 | Orc:1    | Offered knowledge of Conjure Flame by Vehumet.
 15087 | Orc:1    | Reached *** piety under Vehumet
 15095 | Orc:1    | Reached skill level 5 in Translocations
 15467 | Orc:1    | Offered knowledge of Stone Arrow by Vehumet.
 15999 | Orc:2    | Entered Level 2 of the Orcish Mines
 16036 | Orc:2    | Found a staircase to the Elven Halls.
 16178 | Orc:2    | Found Kagg's Jewellery Shoppe.
 16178 | Orc:2    | Noticed a two-headed ogre
 16178 | Orc:2    | Noticed a two-headed ogre
 16179 | Orc:2    | Found Ryzxokko's Jewellery Boutique.
 16179 | Orc:2    | Noticed a two-headed ogre
 16179 | Orc:2    | Noticed a stone giant
 16179 | Orc:2    | Noticed a two-headed ogre
 16180 | Orc:2    | Noticed an ogre mage
 16180 | Orc:2    | Noticed a two-headed ogre
 16180 | Orc:2    | Noticed a two-headed ogre
 16181 | Orc:2    | Noticed a two-headed ogre
 16181 | Orc:2    | Noticed a two-headed ogre
 16184 | Orc:2    | Noticed an ogre mage
 16226 | Orc:2    | Noticed Jorgrun
 16250 | Orc:2    | Killed a two-headed ogre
 16251 | Orc:2    | Reached skill level 9 in Conjurations
 16512 | Lair:1   | Entered Level 1 of the Lair of Beasts
 16577 | D:11     | Reached **** piety under Vehumet
 16614 | D:12     | Noticed a seven-headed hydra
 16627 | D:12     | Killed a seven-headed hydra
 16813 | D:12     | Noticed a tengu warrior
 16813 | D:12     | Noticed a fire dragon
 16828 | D:12     | Killed a fire dragon
 16828 | D:12     | Offered knowledge of Inner Flame by Vehumet.
 17084 | D:12     | Killed a tengu warrior
 17471 | D:12     | Noticed a five-headed hydra
 17484 | D:12     | Killed a five-headed hydra
 17485 | D:12     | Reached skill level 1 in Evocations
 17489 | D:12     | Noticed a boulder beetle
 17492 | D:12     | Reached XP level 13. HP: 52/66 MP: 11/27
 17769 | D:12     | Identified the +2 robe of Emobb {+Inv rPois}
 17889 | D:12     | Identified the ring "Uverumes" {rF+ AC+4 Dex+5}
 17898 | D:12     | Reached skill level 10 in Conjurations
 18070 | D:12     | Identified the Reference Book on Excruciating Envenoming
 18070 | D:12     | Identified the +2 pair of gloves of Undesirable Species
                  | {Dex+3}
 18070 | D:12     | Identified the ring "Icamuse" {Fly rC- Dex+6 SInv}
 18432 | D:13     | Found a shimmering altar of Xom.
 18432 | D:13     | Found the +7 mace of Variability {chain chaos}
 18547 | D:13     | Learned a level 7 spell: Dragon Form
 18829 | D:13     | Reached skill level 1 in Transmutations
 19133 | D:13     | Noticed a vault guard
 19141 | D:13     | Noticed an ice dragon
 19145 | D:13     | Reached skill level 1 in Unarmed Combat
 19148 | D:13     | Killed from afar by an ice dragon

Illustrated notes

Levels and vault maps discovered:
D:1:      minmay_arrival_solitary_statue, layout_rooms,
          hellmonk_ecumenical_altar_run_dry, chequers_serial_rivers_small_3,
          nrook_mini_vaults, minmay_pentomino_x2
D:2:      layout_rooms, serial_shops, shop_fountains, kennysheep_donut
D:3:      layout_loops_corners, hex_tiny, kennysheep_potato, uniq_jessica
D:4:      layout_basic, old_standard_altar
D:5:      minmay_chambers_of_fours, layout_rooms, uniq_sigmund, uniq_menkaure,
          uniq_crazy_yiuf_cottage, uniq_eustachio
D:6:      layout_loops_corners, nicolae_ru_great_annihilating_truth,
          serial_shops, shop, nrook_pool_corridor, chequers_arboretum
D:7:      layout_cave_pools, amcnicky_altar_gilded, nzn_wu_jian_contemplation,
          minmay_temple_entry_glassed_door, kennysheep_generic_room_14
D:8:      layout_basic, corexii_hall_statues_u, uniq_joseph, uniq_grum,
          uniq_psyche
D:9:      layout_loops_corners, kennysheep_little_box,
          chequers_serial_rivers_room_a, nicolae_barding_shop
D:10:     layout_stronghold, lemuel_tele_altar, roderic_lattice_a
D:11:     layout_loops_ring, lair_entry_dummy, orc_0_dummy, serial_shops, shop
D:12:     minmay_the_grid_3x2 [minmay_the_grid_minigrid_medium,
          minmay_the_grid_minigrid_small, minmay_the_grid_tree,
          minmay_the_grid_tri_star, minmay_the_grid_aliased_spiral,
          minmay_the_grid_prize_shrinking_boxes], layout_cave_pods,
          minivault_22, chequers_serial_rivers_micro_a, nrook_loot_triangle
D:13:     layout_irregular_city, david_vaults_4,
          minmay_guarded_unrand_variability
Temple:   nicolae_temple_elliptical
Lair:1:   gammafunk_boulding_lane, layout_gridlike
Orc:1:    layout_diamond_mine, basic_altar, nooodl_orcs_dogs
Orc:2:    st_orc_open, layout_caves, uniq_jorgrun

Skill      XL: |  1  2  3  4  5  6  7  8  9 10 11 12 13 |
---------------+----------------------------------------+-----
Short Blades   | 1 2 3 4 5 6 7 8 |  8.5
Fighting       | 1 2 3 4 5 6 7 |  7.4
Dodging        | 2 3 4 5 6 7 |  7.6
Spellcasting   | 3 4 6 7 9 |  9.5
Conjurations   | 5 6 7 8 9 10 | 10.1
Stealth        | 3 4 |  4.5
Armour         | 1 3 5 |  5.4
Translocations | 2 3 4 6 |  6.3
Shields        | 2 3 4 |  4.2
Evocations     | 1 |  1.0
Transmutations | 1 |  1.1
Unarmed Combat | 1 |  1.0

Action                   |  1- 3 |  4- 6 |  7- 9 | 10-12 | 13-15 || total
-------------------------+-------+-------+-------+-------+-------++-------
Melee: Short sword       |    46 |   134 |   194 |   348 |   149 ||   871
       Bite              |     8 |    26 |    43 |   125 |    99 ||   301
Throw: Dart              |       |       |       |       |     1 ||     1
 Cast: Magic Dart        |    40 |     8 |    47 |    50 |       ||   145
       Searing Ray       |     2 |    11 |    39 |    65 |     1 ||   118
       Iskenderun's Myst |       |       |       |    60 |    26 ||    86
Evoke: Wand              |       |       |       |     7 |       ||     7
  Use: Scroll            |       |       |    11 |     5 |     2 ||    18
       Potion            |       |       |    10 |     3 |       ||    13
 Stab: Sleeping          |     1 |     1 |     1 |     1 |     1 ||     5
       Distracted        |       |     1 |       |       |       ||     1
       Paralysed         |       |       |     1 |       |       ||     1
Armor: Robe              |    14 |    21 |    11 |       |       ||    46
       Scale mail        |       |       |   100 |   116 |       ||   216
       Skin              |       |       |     5 |       |       ||     5
       Troll leather arm |       |       |       |    72 |    42 ||   114
Dodge: Dodged            |    45 |   133 |   122 |   285 |    67 ||   652
Block: Buckler           |       |       |    17 |   262 |    39 ||   318
       Reflection        |       |       |     5 |     6 |       ||    11
       Rpst.: Short sword |       |       |       |    22 |    18 ||    40

Table legend: (Time is in decaauts)
 A = Elapsed time spent in this place.
 B = Non-inter-level travel time spent in this place.
 C = Inter-level travel time spent in this place.
 D = Time resting spent in this place.
 E = Time spent auto-exploring this place.
 F = Levels seen in this place.
 G = Mean time per level.
                   A        B        C        D        E       F      G
               +--------+--------+--------+--------+--------+-----+--------+
         Total |  18986 |  18502 |    484 |   1669 |  13581 |  17 | 1116.8 |
       Dungeon |  16942 |  16490 |    452 |   1359 |  12437 |  13 | 1303.2 |
        Temple |    158 |    149 |      9 |      0 |    115 |   1 |  158.0 |
          Lair |      1 |      1 |      0 |      0 |      0 |   1 |    1.0 |
  Orcish Mines |   1884 |   1861 |     23 |    310 |   1029 |   2 |  942.0 |
               +--------+--------+--------+--------+--------+-----+--------+

Top non-repeatable levels by time:
    D:12: 1805 daAuts
    D:11: 1701 daAuts
     D:8: 1638 daAuts
   Orc:1: 1615 daAuts
     D:9: 1595 daAuts
     D:5: 1530 daAuts
     D:6: 1449 daAuts
     D:3: 1445 daAuts
     D:2: 1050 daAuts
     D:7: 1041 daAuts
     D:4: 1018 daAuts
     D:1: 1016 daAuts
    D:10: 947 daAuts
    D:13: 702 daAuts
   Orc:2: 269 daAuts
